 Dungeon Crawl Stone Soup version 0.21.0-24-g2553a33 (webtiles) character file.

115 tidbits the Insei (level 5, 0/40 HPs)
             Began as a Gnoll Transmuter on Jan 21, 2018.
             Slain by Feta's ghost (8 damage)
             ... on level 3 of the Dungeon.
             The game lasted 00:05:25 (557 turns).

tidbits the Insei (Gnoll Transmuter)                 Turns: 557, Time: 00:05:25

Health: 0/40       AC:  2    Str: 11 (13) XL:     5   Next: 0%
Magic:  12/12      EV: 14    Int: 13 (16) God:
Gold:   101        SH:  0    Dex: 14 (15) Spells: 8/14 levels left

rFire    . . .     SeeInvis .   e - +0 dagger
rCold    . . .     Gourm    .   (no shield)
rNeg     . . .     Faith    .   b - +0 robe
rPois    .         Spirit   .   (no helmet)
rElec    .         Reflect  .   (no cloak)
rCorr    .         Harm     .   (no gloves)
MR       .....                  (no boots)
Stlth    ++........             (no amulet)
HPRegen  0.13/turn              (no ring)
MPRegen  0.13/turn              (no ring)

@: no status effects
A: distributed training, fangs 1, strong nose
a: no special abilities


You were on level 3 of the Dungeon.
You were not hungry.

You visited 1 branch of the dungeon, and saw 4 of its levels.

You collected 101 gold pieces.

Inventory:

Hand Weapons
 e - a +0 dagger (weapon)
 g - a +4 hunting sling
Missiles
 a - 8 arrows
Armour
 b - a +0 robe (worn)
 l - a +1 pair of boots
Scrolls
 f - a scroll of fear
Potions
 h - a potion of curing
Books
 c - a book of Changes

   Spells                             Type                      Level
   a - Beastly Appendage              Transmutation                1
   b - Sticks to Snakes               Transmutation                2
   c - Spider Form                    Transmutation/Poison         3
   d - Ice Form                       Ice/Transmutation            4
   e - Blade Hands                    Transmutation                5
Comestibles
 d - 2 rations


   Skills:
 + Level 2.8 Fighting
 + Level 1.2 Short Blades
 + Level 1.2 Long Blades
 + Level 1.2 Axes
 + Level 1.2 Maces & Flails
 + Level 1.2 Polearms
 + Level 1.2 Staves
 + Level 1.2 Slings
 + Level 1.2 Bows
 + Level 1.2 Crossbows
 + Level 1.2 Throwing
 + Level 1.2 Armour
 + Level 4.7 Dodging
 + Level 1.2 Stealth
 + Level 1.2 Shields
 + Level 6.6 Unarmed Combat
 + Level 5.1 Spellcasting
 + Level 1.0 Conjurations
 + Level 1.0 Hexes
 + Level 1.0 Charms
 + Level 1.0 Summonings
 + Level 1.0 Necromancy
 + Level 1.0 Translocations
 + Level 3.9 Transmutations
 + Level 1.0 Fire Magic
 + Level 1.0 Ice Magic
 + Level 1.0 Air Magic
 + Level 1.0 Earth Magic
 + Level 1.0 Poison Magic
 + Level 1.4 Invocations
 + Level 1.2 Evocations


You had 8 spell levels left.
You knew the following spells:

 Your Spells              Type           Power        Failure   Level  Hunger
e - Beastly Appendage     Tmut           ##....       3%          1    None
k - Sticks to Snakes      Tmut           ##......     5%          2    ##.....
p - Spider Form           Tmut/Pois      #.........   21%         3    ###....


Dungeon Overview and Level Annotations

Branches:
Dungeon (4/15)
 Temple: D:4-7

Altars:
Gozag
Trog

Shops:
D:3 *

Annotations:
D:3 Feta's ghost, amateur MiFi


Innate Abilities, Weirdness & Mutations

Your experience applies equally to all skills.
You have very sharp teeth.
Your uncanny sense of smell can sniff out nearby items.


Message History

Casting: Spider Form
Confirm with . or Enter, or press ? or * to list all spells.
You turn into a venomous arachnid creature.
Your +0 robe melds into your body.
The hobgoblin completely misses you.
You bite the hobgoblin!
You kill the hobgoblin!
Things that are here:
a club; a potion of curing; a hobgoblin corpse
h - a potion of curing
There is a stone staircase leading down here.
You see here a giant cockroach corpse.
You climb downwards.
There is a stone staircase leading up here.
Unknown command.
Your transformation is almost over.
Found Gozag's Platinum Reserve.
Found an opulent altar of Gozag.
Your transformation has ended.
Your +0 robe unmelds from your body.
Found a bubbling red potion.
There is an entrance to Gozag's Platinum Reserve here.
You can access your shopping list by pressing '$'.
There is a shaft here.
There is an opulent altar of Gozag here.
A rat comes into view.
You see here a bubbling red potion.
k - a bubbling red potion The rat bites you.
Casting: Spider Form
Confirm with . or Enter, or press ? or * to list all spells.
You turn into a venomous arachnid creature.
Your +0 robe melds into your body.
The rat barely misses you.
You hit the rat but do no damage.
The rat is poisoned.
The rat completely misses you.
You kill the rat!
Your transformation is almost over.
Your transformation has ended.
Your +0 robe unmelds from your body.
As you open the large door, it creaks loudly!
An adder comes into view.
The adder hisses angrily.
Casting: Spider Form
Confirm with . or Enter, or press ? or * to list all spells.
You turn into a venomous arachnid creature.
Your +0 robe melds into your body.
The adder misses you.
You bite the adder!
The adder is poisoned.
The adder is severely wounded.
The adder bites you.
You barely miss the adder.
The adder is severely wounded.
The adder bites you but does no damage.
You bite the adder!
You kill the adder!
You have reached level 5!
Found a pair of boots and 16 stones.
There is a large open door here.
You see here a pair of boots.
l - a pair of boots Your transformation is almost over.
You see here 16 stones.
Feta's ghost (amateur Minotaur Fighter) comes into view.
Quiver which item? (- for none, * to show all) (? for menu, Esc to quit)
Okay, then.
It was a potion of invisibility.
You fade into invisibility!
You are very lightly contaminated with residual magic.
Your transformation has ended.
Your +0 robe unmelds from your body.
Wield which item (- for none, * to show all)? (? for menu, Esc to quit)
e - a +0 dagger (weapon)
It was a potion of degeneration.
There was something very wrong with that liquid.
You feel weakened.
You feel dopey.
You feel clumsy.
You flicker for a moment.
Found a robe.
You closely miss Feta's ghost. Feta's ghost misses you.
You catch the helpless Feta's ghost completely off-guard!
You hit Feta's ghost.
Feta's ghost is lightly damaged.
Feta's ghost barely misses you.
You hit Feta's ghost but do no damage.
Feta's ghost is lightly damaged.
Feta's ghost hits you!
You closely miss Feta's ghost.
Feta's ghost is lightly damaged.
Feta's ghost hits you!
* * * LOW HITPOINT WARNING * * *
You flicker back into view.
Feta's ghost says, "My insurmountable tactics guarantee your defeat."
Feta's ghost shouts, "What do you have that I didn't have?"
Your magical contamination has completely faded away.
As you read the scroll labeled WEPPAC OROUBYCH, it crumbles to dust.
You assume a fearsome visage.
Feta's ghost is unaffected.
It was a scroll of fear.
Feta's ghost misses you.
As you read the scroll labeled KES POGODE, it crumbles to dust.
It is a scroll of enchant armour.
Your pair of boots glows green for a moment.
Feta's ghost completely misses you. Feta's ghost hits you!
You die...

#.#..♣♣♣♣♣ ♣♣♣♣♣..#
#.#..♣♣♣♣♣ ♣♣♣♣♣..#
#.#......♣♣ ♣♣......#
#.#....(..♣♣♣♣.......#
#.#........♣♣........#
#.##.......♣♣.......##
#..##......♣♣......##
##..##.....♣♣W....##
##..##.....@....##
##..##........##
##..####''####
##.......# #########


You could see Feta's ghost.

Vanquished Creatures
  2 worker ants (D:4)
  4 adders
  A worm (D:2)
  2 leopard geckos (D:3)
  3 bats
  2 giant cockroaches (D:2)
  A goblin (D:1)
  2 hobgoblins
  9 jackals
  A quokka (D:2)
  A frilled lizard (D:2)
  2 rats
30 creatures vanquished.

Vanquished Creatures (collateral kills)
  A kobold (D:1)
1 creature vanquished.

Grand Total: 31 creatures vanquished

Notes
Turn   | Place    | Note
-------+----------+-------------------------------------------
     0 | D:1      | tidbits the Gnoll Transmuter began the quest for the Orb.
     0 | D:1      | Reached XP level 1. HP: 17/17 MP: 6/6
    61 | D:2      | Found a bloodstained altar of Trog.
    99 | D:2      | Reached XP level 2. HP: 17/23 MP: 5/7
   103 | D:2      | Learned a level 2 spell: Sticks to Snakes
   259 | D:4      | Reached XP level 3. HP: 12/28 MP: 7/9
   262 | D:4      | Reached skill level 5 in Spellcasting
   264 | D:4      | Reached skill level 1 in Invocations
   272 | D:4      | HP: 4/42 [poisoned by a worker ant]
   274 | D:4      | Reached skill level 1 in Short Blades
   274 | D:4      | Reached skill level 1 in Long Blades
   274 | D:4      | Reached skill level 1 in Axes
   274 | D:4      | Reached skill level 1 in Maces & Flails
   274 | D:4      | Reached skill level 1 in Polearms
   274 | D:4      | Reached skill level 1 in Staves
   274 | D:4      | Reached skill level 1 in Slings
   274 | D:4      | Reached skill level 1 in Bows
   274 | D:4      | Reached skill level 1 in Crossbows
   274 | D:4      | Reached skill level 1 in Throwing
   274 | D:4      | Reached skill level 1 in Armour
   274 | D:4      | Reached skill level 1 in Stealth
   274 | D:4      | Reached skill level 1 in Shields
   274 | D:4      | Reached skill level 1 in Evocations
   274 | D:4      | Reached XP level 4. HP: 4/34 MP: 9/11
   282 | D:4      | Learned a level 3 spell: Spider Form
   401 | D:2      | Reached skill level 1 in Conjurations
   401 | D:2      | Reached skill level 1 in Hexes
   401 | D:2      | Reached skill level 1 in Charms
   401 | D:2      | Reached skill level 1 in Summonings
   401 | D:2      | Reached skill level 1 in Necromancy
   401 | D:2      | Reached skill level 1 in Translocations
   401 | D:2      | Reached skill level 1 in Fire Magic
   401 | D:2      | Reached skill level 1 in Ice Magic
   401 | D:2      | Reached skill level 1 in Air Magic
   401 | D:2      | Reached skill level 1 in Earth Magic
   401 | D:2      | Reached skill level 1 in Poison Magic
   446 | D:3      | Found Gozag's Platinum Reserve.
   446 | D:3      | Found an opulent altar of Gozag.
   509 | D:3      | Reached XP level 5. HP: 33/40 MP: 7/12
   522 | D:3      | Noticed Feta's ghost (amateur MiFi)
   557 | D:3      | Slain by Feta's ghost

Skill      XL: |  1  2  3  4 |
---------------+-------------+-----
Spellcasting   | 5 |  5.1
Invocations    | 1 |  1.4
Short Blades   | 1 |  1.2
Long Blades    | 1 |  1.2
Axes           | 1 |  1.2
Maces & Flails | 1 |  1.2
Polearms       | 1 |  1.2
Staves         | 1 |  1.2
Slings         | 1 |  1.2
Bows           | 1 |  1.2
Crossbows      | 1 |  1.2
Throwing       | 1 |  1.2
Armour         | 1 |  1.2
Stealth        | 1 |  1.2
Shields        | 1 |  1.2
Evocations     | 1 |  1.2
Conjurations   | 1 |  1.0
Hexes          | 1 |  1.0
Charms         | 1 |  1.0
Summonings     | 1 |  1.0
Necromancy     | 1 |  1.0
Translocations | 1 |  1.0
Fire Magic     | 1 |  1.0
Ice Magic      | 1 |  1.0
Air Magic      | 1 |  1.0
Earth Magic    | 1 |  1.0
Poison Magic   | 1 |  1.0
Fighting       | |  2.8
Dodging        | |  4.7
Unarmed Combat | |  6.6
Transmutations | |  3.9

Action                   |  1- 3 |  4- 6 || total
-------------------------+-------+-------++-------
Melee: Unarmed           |    54 |    25 ||    79
       Bite              |     5 |       ||     5
       Headbutt          |     7 |       ||     7
       Dagger            |       |     4 ||     4
 Cast: Beastly Appendage |     8 |       ||     8
       Sticks to Snakes  |     3 |     1 ||     4
       Spider Form       |       |     6 ||     6
  Use: Potion            |     1 |     3 ||     4
       Scroll            |       |     2 ||     2
 Stab: Sleeping          |     1 |     1 ||     2
       Invisible         |       |     1 ||     1
  Eat: Ration            |       |     1 ||     1
Armor: Robe              |     9 |       ||     9
       Skin              |       |     1 ||     1
Dodge: Dodged            |    35 |    25 ||    60

Table legend:
 A = Turns spent in this place as a percentage of turns spent in the entire game.
 B = Non-inter-level travel turns spent in this place as a percentage of non-inter-level travel turns spent in the entire game.
 C = Inter-level travel turns spent in this place as a percentage of turns spent in this place.
 D = Turns resting spent in this place as a percentage of non-inter-level travel turns spent in this place.
 E = Turns spent auto-exploring this place as a percentage of non-inter-level travel turns spent in this place.
 F = Non-inter-level travel turns spent in this place divided by the number of levels of this place that you've seen.
                   A       B       C       D       E      F
               +-------+-------+-------+-------+-------+----------------------
         Total | 100.0 | 100.0 |   0.0 |   0.0 |   0.0 | 139.2
       Dungeon | 100.0 | 100.0 |   0.0 |   0.0 |   0.0 | 139.2
               +-------+-------+-------+-------+-------+----------------------

Table legend:
 A = Kills in this place as a percentage of kills in entire the game.
 B = Kills by you in this place as a percentage of kills by you in the entire game.
 C = Kills by friends in this place as a percentage of kills by friends in the entire game.
 D = Other kills in this place as a percentage of other kills in the entire game.
 E = Experience gained in this place as a percentage of experience gained in the entire game.
 F = Experience gained in this place divided by the number of levels of this place that you have seen.
                   A       B       C       D       E      F
               +-------+-------+-------+-------+-------+----------------------
         Total | 100.0 | 100.0 | 100.0 |   N/A | 100.0 |  41.2
       Dungeon | 100.0 | 100.0 | 100.0 |   N/A | 100.0 |  41.2
               +-------+-------+-------+-------+-------+----------------------

Vault maps used:
D:1:      scummos_arrival_star, minmay_lizard_king
D:2:      bloody_trog, first_ration, minmay_distorted
D:3:      nicolae_gozag_zags_fifth_avenue, minitemple, kennysheep_cross_room,
          kennysheep_generic_room_13
